 Dungeon Crawl Stone Soup version 0.21-a0-538-gd16b88a (console) character file.

67 Eb the Magician (level 4, -4/30 HPs)
             Began as a Barachi Wizard on Dec 16, 2017.
             Shot with an arrow by a centaur (12 damage)
             ... on level 2 of the Dungeon.
             The game lasted 00:07:14 (2054 turns).

Eb the Magician (Barachi Wizard)                    Turns: 2054, Time: 00:07:15

Health: -4/30      AC:  5    Str:  9    XL:     4   Next: 18%
Magic:  1/9        EV: 12    Int: 19    God:
Gold:   67         SH:  0    Dex: 10    Spells: 2/10 levels left

rFire    . . .     SeeInvis .   a - +0 dagger
rCold    . . .     Gourm    .   (no shield)
rNeg     . . .     Faith    .   h - +0 robe
rPois    .         Spirit   .   b - +0 hat
rElec    .         Reflect  .   n - +0 cloak
rCorr    .         Harm     .   g - +1 pair of gloves
MR       .....                  (no boots)
Stlth    ++........             f - amulet of rage
HPRegen  0.10/turn              (no ring)
MPRegen  0.11/turn              (no ring)

@: very slightly contaminated, slow
A: +LOS, swims, slowness 1, strong legs 1
a: Hop, Evoke Berserk Rage


You were on level 2 of the Dungeon.
You were hungry.

You visited 1 branch of the dungeon, and saw 2 of its levels.

You collected 67 gold pieces.

Inventory:

Hand Weapons
 a - a +0 dagger (weapon)
 k - a +0 hand axe of freezing
Missiles
 i - 24 stones (quivered)
 p - 6 javelins
 r - an arrow
Armour
 b - a +0 hat (worn)
 g - a +1 pair of gloves (worn)
 h - a +0 robe (worn)
 n - a +0 cloak (worn)
Jewellery
 f - an amulet of rage (around neck)
Scrolls
 e - 2 scrolls of enchant weapon {unknown}
 o - a scroll of fear {unknown}
 q - 2 scrolls of fog {unknown}
 s - a scroll of blinking {unknown}
 v - a scroll of noise {unknown}
Potions
 j - a potion of flight {unknown}
 m - a potion of invisibility {unknown}
 t - a potion of heal wounds {unknown}
 u - a potion of resistance {unknown}
Books
 c - a book of Minor Magic

   Spells                             Type                      Level
   a - Magic Dart                     Conjuration                  1
   b - Blink                          Translocation                2
   c - Call Imp                       Summoning                    2
   d - Slow                           Hexes                        2
   e - Conjure Flame                  Conjuration/Fire             3
   f - Mephitic Cloud                 Conjuration/Poison/Air       3
Comestibles
 d - 2 bread rations
 l - a meat ration


   Skills:
 - Level 3.0 Dodging
 - Level 2.0 Stealth
 + Level 3.9 Spellcasting
 - Level 2.0 Conjurations
 + Level 1.9 Summonings
 + Level 1.7 Translocations


You had 2 spell levels left.
You knew the following spells:

 Your Spells              Type           Power        Failure   Level  Hunger
b - Blink                 Tloc           N/A          11%         2    ##.....
d - Magic Dart            Conj           ##..         6%          1    None
i - Call Imp              Summ           ##......     10%         2    ##.....
F - Conjure Flame         Conj/Fire      #.......     28%         3    ###....


Dungeon Overview and Level Annotations

Branches:
Dungeon (2/15)

Altars:


Innate Abilities, Weirdness & Mutations

Shadows flee at your approach. (+LOS)
You can swim through water.
You cover ground slowly.
You can hop short distances.


Message History

The centaur wields an uncursed shortbow.
The centaur shoots an arrow.
The arrow hits your crimson imp!
Casting: Call Imp
Confirm with . or Enter, or press ? or * to list all spells.
A beastly little devil appears in a puff of flame.
The centaur shoots an arrow.
The arrow hits your crimson imp!
Your crimson imp dies!
Unknown command.
The centaur unwields an uncursed shortbow.
The centaur closely misses you.
Your white imp hits the centaur.
Your white imp freezes the centaur.
Your crimson imp blinks!
You see here an arrow.
Press: ? - help, v - describe, . - travel A stone staircase leading up, spattered with blood.
There is a cloud of translocational energy here.
Unknown command.
The centaur wields an uncursed shortbow.
The centaur shoots an arrow.
The arrow hits you!
You die...

## #.# #.###.#.#.#..# ######## #
#.# ##.###)##...#.# #......##
#.###...#......##.# #.####...
#..........## ###.# #.# #.##
#####...##..# #.# #.# #.#
##.####.# #.# #.# #.# #.# #.# #.#
#.# #.# #.####c#####.####.## #.#
#.....5(@.......)..# #.#
#...........5####..###.##
#########......(......# #........
....>.....#####.#####.###..###.#.
#########.#####.# #......###.##
###.............#####..........#
....#####.####...>.........#####
##### #.# ##.#####.####.# #.# #.#
##.## #.#


You could see a centaur, a friendly crimson imp and a friendly white imp.

Vanquished Creatures
  A dart slug (D:1)
  A leopard gecko (D:1)
  2 giant cockroaches (D:1)
  6 goblins
  4 hobgoblins (D:1)
  3 jackals (D:1)
  3 bats
  5 frilled lizards (D:1)
  6 kobolds
  3 rats
34 creatures vanquished.

Vanquished Creatures (collateral kills)
  A worker ant (D:2)
  An adder (D:2)
  A worm (D:2)
  5 jackals
8 creatures vanquished.

Grand Total: 42 creatures vanquished

Notes
Turn   | Place    | Note
-------+----------+-------------------------------------------
     0 | D:1      | Eb the Barachi Wizard began the quest for the Orb.
     0 | D:1      | Reached XP level 1. HP: 13/13 MP: 4/4
   237 | D:1      | Reached XP level 2. HP: 19/19 MP: 4/6
   241 | D:1      | Learned a level 2 spell: Call Imp
   244 | D:1      | Learned a level 2 spell: Blink
   662 | D:1      | Reached XP level 3. HP: 24/24 MP: 1/8
   671 | D:1      | Learned a level 3 spell: Conjure Flame
  1491 | D:2      | Noticed a centaur
  1817 | D:2      | Reached XP level 4. HP: 25/30 MP: 1/9
  2054 | D:2      | Shot with an arrow by a centaur

Vault maps used:
D:1:      evilmike_arrival_home_sweet_home
D:2:      chequers_ecumenical_altar_simple_redux, uniq_crazy_yiuf_cottage

Skill      XL: |  1  2  3 |
---------------+----------+-----
Stealth        | 2 |  2.0
Conjurations   | 2 |  2.0
Dodging        | 3 |  3.0
Spellcasting   | |  3.9
Summonings     | |  1.9
Translocations | |  1.7

Action                   |  1- 3 |  4- 6 || total
-------------------------+-------+-------++-------
Melee: Dagger            |    43 |       ||    43
Throw: Stone             |     2 |       ||     2
 Cast: Magic Dart        |    77 |     5 ||    82
       Call Imp          |    10 |     3 ||    13
 Abil: Evoke Berserk Rag |     3 |       ||     3
       Hop               |     1 |       ||     1
  Eat: Chunk             |     6 |       ||     6
Armor: Robe              |    24 |     2 ||    26
Dodge: Dodged            |    49 |     6 ||    55

Table legend:
 A = Spawn XP
 B = Non-spawn XP
 C = Spawn XP percentage of total XP
 D = Spawn monster count
 E = Non-spawn monster count
 F = Spawn count percentage of total count
 G = Total turns spent on level
                    A         B        C        D         E        F      G
               +---------+---------+-------+---------+---------+-------+---------
         Total |       0 |      97 |   0.0 |       0 |      42 |   0.0 |  2054
               +---------+---------+-------+---------+---------+-------+---------
           D:1 |       0 |      50 |   0.0 |       0 |      30 |   0.0 |  1282
           D:2 |       0 |      47 |   0.0 |       0 |      12 |   0.0 |   772
               +---------+---------+-------+---------+---------+-------+---------
